[Event "*** Titled Tuesday Blitz"]
[Site "Chess.com"]
[Date "2021.04.20"]
[Round "7"]
[White "KonstantinB_1983"]
[Black "narutosmith"]
[Result "1-0"]
[WhiteElo "2506"]
[BlackElo "2335"]
[TimeControl "180+1"]
[EndTime "11:16:19 PDT"]
[Termination "KonstantinB_1983 won on time"]

1. d4 Nf6 2. c4 e6 3. Nc3 Bb4 4.
f3 O-O 5. e4 d5 6. e5 Nfd7 7.
a3 Bxc3+ 8. bxc3 c5 9. f4 Nc6 10. Nf3 dxc4 11. Bxc4 Nb6 12. Bd3 cxd4 13. cxd4 f5 14.
exf6 Qxf6 15. Be4 Rd8 16. Be3 Nd5 17. Bxd5 exd5 18. Ne5 Bf5 19. O-O Nxe5 20. fxe5 Qg6 21.
Rf2 Be4 22. Qb3 b6 23. Raf1 Rf8 24. Qc3 Rfc8 25. Qb4 h5 26. Qe7 Kh7 27. Bf4 Rc2 28. Rxc2 Bxc2 29. Bg3 Rc8 30. Rc1 Qd3 31. Bf2 Qd2 32. Re1 1-0

[Event "*** Titled Tuesday Blitz"]
[Site "Chess.com"]
[Date "2021.04.20"]
[Round "7"]
[White "Grandmaster2B"]
[Black "Loy_Konstantin"]
[Result "0-1"]
[WhiteElo "2532"]
[BlackElo "2391"]
[TimeControl "180+1"]
[EndTime "11:16:19 PDT"]
[Termination "Loy_Konstantin won by resignation"]

1. e4 c5 2. Nf3 d6 3. d4 cxd4 4. Nxd4 Nf6 5. Nc3 g6 6. Be3 Bg7 7. f3 O-O 8. Qd2 Nc6 9. Bc4 Bd7 10. O-O-O Ne5 11. Bb3 Qa5 12. Kb1 Rfc8 13. g4 b5 14. g5 b4 15. Nd5 Nxd5 16. Bxd5 Nc4 17. Qe2 Nxe3 18. Qxe3 Rab8 19. Nb3 Qc7 20. Nd4 e6 21. Bb3 a5 22. f4 a4 23. f5 axb3 24. cxb3 exf5 25.
exf5 Bxd4 26. Qxd4 Bxf5+ 27. Ka1 Ra8 28. Qxb4 Rxa2+ 29.
Kxa2 Ra8+ 30. Qa4 Rxa4+ 31. bxa4 Qc4+ 32. b3 Qc2+ 33. Ka3 Be6 34. Rb1 Qc5+ 35. Ka2 Qxg5 36.
Rhe1 Qa5 37. Re4 Bf5 38. Re8+ Kg7 39. Rd1 Qb4 40. Rd5 Be6 41. Rb5 Qxa4+ 0-1

[Event "*** Titled Tuesday Blitz"]
[Site "Chess.com"]
[Date "2021.04.20"]
[Round "7"]
[White "Borsuk_Konstantin"]
[Black "dmitrijiIM"]
[Result "1-0"]
[WhiteElo "2696"]
[BlackElo "2547"]
[TimeControl "180+1"]
[EndTime "11:16:20 PDT"]
[Termination "Borsuk_Konstantin won by resignation"]

1. d4 Nf6 2. c4 g6 3. Nc3 Bg7 4.
e4 O-O 5. Be3 d6 6. f3 c5 7.
dxc5 dxc5 8. Qxd8 Rxd8 9. Bxc5 Nc6 10. Nd5 Nd7 11. Bxe7 Nxe7 12. Nxe7+ Kf8 13. Nd5 Bxb2 14.
Rb1 Bg7 15. Nh3 Nc5 16. Nhf4 b6 17. Nc7 Rb8 18. Nfd5 f5 19. Be2 fxe4 20. fxe4 Nxe4 21. Bf3 Nc3 22. Rb3 Nxd5 23. Bxd5 Be5 24. Rf1+ Kg7 25. Re3 Bxc7 26. Rf7+ Kh6 27. Rxc7 Bf5 28. Rxa7 Re8 29.
Kf2 Rxe3 30. Kxe3 Re8+ 31. Kd4 Re2 32. a3 Rd2+ 33. Ke5 Kg5 34. Rxh7 Re2+ 35. Kd6 Rd2 36. Rb7 Be4 37. Rxb6 Bxg2 38. a4 Bxd5 39. cxd5 Rxh2 40. a5 Ra2 41. a6 Kf5 42. Kc7 Rc2+ 43. Rc6 Rd2 44. d6 g5 45. a7 Ra2 46. Kb7 g4 47.
a8=Q Rxa8 48. Kxa8 Ke6 49. d7+ Kxd7 50. Rg6 Kc7 51.
Rxg4 1-0

[Event "*** Titled Tuesday Blitz"]
[Site "Chess.com"]
[Date "2021.04.20"]
[Round "7"]
[White "ural58"]
[Black "VladaSviridova"]
[Result "1-0"]
[WhiteElo "2453"]
[BlackElo "2261"]
[TimeControl "180+1"]
[EndTime "11:16:20 PDT"]
[Termination "ural58 won on time"]

1. e4 e6 2. Qe2 c5 3. b3 Nc6 4. Bb2 e5 5. f4 d6 6. Qf2 Nf6 7. Nc3 Nd4 8. O-O-O a6 9. Nf3 Qc7 10.
Bc4 b5 11. Nd5 Nxd5 12. Bxd5 Bb7 13. Bxb7 Qxb7 14. fxe5 Qxe4 15. Nxd4 cxd4 16. Rhe1 Qd5 17. exd6+ Kd7 18. Bxd4 Bxd6 19. Bxg7 Rhg8 20. Qf6 Rae8 21. Rxe8 Rxe8 22. g3 Kc7 23. Qc3+ Kb7 24. Bd4 Ba3+ 25.
Kb1 Rc8 26. Qd3 Bd6 27. Rf1 f5 28. Rxf5 Qe6 29. Rf1 Re8 30. Qxh7+ Re7 31. Qd3 Kb8 32.
Be3 Bc7 33. Bf4 1-0

[Event "*** Titled Tuesday Blitz"]
[Site "Chess.com"]
[Date "2021.04.20"]
[Round "7"]
[White "anon481216"]
[Black "emperor87"]
[Result "0-1"]
[WhiteElo "2551"]
[BlackElo "2697"]
[TimeControl "180+1"]
[EndTime "11:16:22 PDT"]
[Termination "emperor87 won by checkmate"]

1. d4 d5 2. c4 e6 3. Nf3 Nf6 4. g3 a6 5. Bg2 dxc4 6. O-O Nc6 7. e3 Rb8 8. Nfd2 Bd6 9. Nxc4 O-O 10. Nc3 Bd7 11.
e4 b5 12. Nxd6 cxd6 13. d5 Ne5 14. dxe6 Bxe6 15. Bf4 b4 16. Nd5 Bxd5 17. exd5 Nfd7 18. Re1 Qa5 19. a3 b3 20. Qd4 f6 21. Bd2 Qc5 22. Bc3 Qxd4 23. Bxd4 g5 24. f4 gxf4 25.
gxf4 Nd3 26. Re7 Rf7 27. Rxf7 Kxf7 28. Bh3 N7c5 29. Rf1 Re8 30. Bf5 Re2 31. Bxh7 Nxb2 32. h4 Rd2 33. Bc3 Re2 34. h5 Nc4 35. Kh1 Ne4 36.
Bg6+ Kg7 37. Rg1 Nxc3 38. Bd3+ Kh6 39. Bxc4 Re4 40. Bxb3 Kxh5 41. f5 Re5 42. Rg3 Nxd5 43. Bd1+ Kh4 44. Rg4+ Kh3 45. Rd4 Re1# 0-1

[Event "*** Titled Tuesday Blitz"]
[Site "Chess.com"]
[Date "2021.04.20"]
[Round "7"]
[White "Taktikmonster"]
[Black "Mikhal867"]
[Result "0-1"]
[WhiteElo "2409"]
[BlackElo "2445"]
[TimeControl "180+1"]
[EndTime "11:16:23 PDT"]
[Termination "Mikhal867 won by checkmate"]

1. e4 g6 2. d4 Bg7 3. Nc3 d6 4. Nf3 Nd7 5. Bf4 a6 6. Qd2 e5 7. dxe5 dxe5 8. Be3 Ngf6 9. O-O-O Qe7 10. Bc4 c6 11. Bh6 O-O 12. h4 Nc5 13. Bxg7 Kxg7 14.
Rhe1 Bg4 15. Qd6 Qxd6 16. Rxd6 Bxf3 17. gxf3 Rfd8 18. Red1 Rxd6 19. Rxd6 Ne8 20. Rd2 b5 21.
Bf1 Ra7 22. Rd8 Kf8 23. b4 Ne6 24. Rc8 Nd4 25. Ne2 Nxf3 26. Rxc6 Nxh4 27. a4 Nf3 28. Nc3 bxa4 29. Rxa6 Rxa6 30. Bxa6 a3 31. b5 Nc7 32. Nd5 Nxd5 33. exd5 Ke7 34. c4 Nd4 35. b6 Nb3+ 36. Kb1 Nc5 37. b7 Nxa6 38. c5 Kd7 39. c6+ Kc7 40. Ka2 h5 41. Kxa3 h4 42. Ka4 h3 43.
Kb5 h2 44. Kxa6 h1=Q 45. d6+ Kxc6 46. b8=Q Qa1# 0-1

[Event "*** Titled Tuesday Blitz"]
[Site "Chess.com"]
[Date "2021.04.20"]
[Round "7"]
[White "buhomurciano"]
[Black "Serly25"]
[Result "1-0"]
[WhiteElo "2193"]
[BlackElo "1950"]
[TimeControl "180+1"]
[EndTime "11:16:25 PDT"]
[Termination "buhomurciano won on time"]

1. e4 e6 2. d3 d5 3. Qe2 dxe4 4.
dxe4 Nf6 5. c3 c5 6. Qc2 Nc6 7. Nf3 e5 8. Bc4 Be7 9. Nbd2 O-O 10. a4 Qc7 11. Nf1 Bg4 12. Bg5 a6 13. Ne3 Bh5 14. Bxf6 Bxf6 15. Nd5 Qd8 16. Rd1 Rb8 17.
Ba2 b5 18. axb5 axb5 19. Ne3 Qc7 20. g4 Bg6 21. h4 h6 22. g5 hxg5 23. hxg5 Be7 24.
Nh4 Bxg5 25. Nxg6 Bh6 26. Nf5 Rfd8 27. Rxd8+ Rxd8 28. Nxh6+ gxh6 29. Nh4 c4 30. Nf5 Qd7 31. Qe2 Qe6 32. Rxh6 1-0

[Event "*** Titled Tuesday Blitz"]
[Site "Chess.com"]
[Date "2021.04.20"]
[Round "7"]
[White "hedgehog280"]
[Black "ClydeHillKid"]
[Result "0-1"]
[WhiteElo "2549"]
[BlackElo "2428"]
[TimeControl "180+1"]
[EndTime "11:16:26 PDT"]
[Termination "ClydeHillKid won by resignation"]

1. c4 e6 2. g3 d5 3. Bg2 Nf6 4. Nf3 Be7 5. O-O O-O 6. b3 c5 7. Bb2 d4 8. e3 Nc6 9. exd4 cxd4 10. d3 e5 11. Na3 Re8 12. Nc2 a5 13. a3 Bf5 14. Re1 Bf8 15. h3 h6 16. g4 Bh7 17.
Qd2 e4 18. Nfxd4 exd3 19. Nxc6 bxc6 20. Nd4 Ne4 21. Bxe4 Bxe4 22. f3 Bc5 23. fxe4 Bxd4+ 24. Kg2 Bxb2 25. Qxb2 Qg5 26. Rad1 Rad8 27. Qd2 Qc5 28.
Re3 Qxa3 29. Rxd3 Rb8 30. Qe3 Qb2+ 31. R1d2 Qe5 32. Kf3 Re6 33. Kg2 Kh7 34. Re2 Rbe8 35. Qf3 Rf6 36. Qg3 Qa1 37. Rf3 g6 38. Ref2 Rxf3 39.
Qxf3 Re7 40. Re2 Kg7 41. Kg3 Qg1+ 42. Qg2 Qd4 43. Qf3 Rb7 44. Rf2 a4 45. bxa4 Qxc4 46. a5 Rb3 47. Kg2 Rxf3 48. Kxf3 Qc3+ 49. Kf4 Qxa5 50.
Re2 Qg5+ 51. Kf3 Qe5 52. Re3 Kf6 53. Rd3 Kg5 54. Rd7 Kh4 55. Rxf7 Kxh3 56. Rh7 Qg5 57. e5 Qxg4+ 58. Ke3 Qg5+ 59. Ke4 Qf5+ 60. Kd4 c5+ 61. Kd5 c4 62. Rc7 Qd3+ 63. Ke6 c3 64. Kf6 c2 65.
e6 Qd2 66. e7 Qd6+ 67. Kg7 Qxc7 0-1

[Event "*** Titled Tuesday Blitz"]
[Site "Chess.com"]
[Date "2021.04.20"]
[Round "7"]
[White "atwalcb"]
[Black "MatyChess1"]
[Result "0-1"]
[WhiteElo "2452"]
[BlackElo "2643"]
[TimeControl "180+1"]
[EndTime "11:16:27 PDT"]
[Termination "MatyChess1 won by checkmate"]

1. d4 d5 2. c4 e6 3. Nc3 Bb4 4.
Nf3 dxc4 5. e3 b5 6. Ne5 Bb7 7. a4 a6 8. Be2 Nf6 9. Bf3 c6 10. O-O Qb6 11. Ne4 Nbd7 12. Bd2 Be7 13. Nxf7 Kxf7 14.
Ng5+ Kg8 15. Nxe6 c5 16. a5 Qa7 17. d5 Nxd5 18. Qc2 Ne5 19. Be4 Nf6 20. Bxb7 Qxb7 21. f4 Nd3 22. Bc3 Ne4 23. Bxg7 Qd7 24. Bxh8 Kxh8 25.
f5 Rg8 26. Qe2 Bf6 27. Qf3 Ng5 28. Nxg5 Bxg5 29. f6 Qf7 30. Qf5 Bxe3+ 31. Kh1 Qg6 32. Qf3 Bd4 33. f7 Rf8 34. Qd5 Nf2+ 35. Kg1 Ng4+ 36.
Kh1 Ne3 37. Qd7 Qxg2# 0-1

[Event "*** Titled Tuesday Blitz"]
[Site "Chess.com"]
[Date "2021.04.20"]
[Round "7"]
[White "bricolageur"]
[Black "Oligan22"]
[Result "1-0"]
[WhiteElo "2371"]
[BlackElo "2481"]
[TimeControl "180+1"]
[EndTime "11:16:27 PDT"]
[Termination "bricolageur won by checkmate"]

1. e4 c6 2. d4 d5 3. e5 Bf5 4.
h4 h5 5. c4 e6 6. Nc3 Nd7 7.
cxd5 cxd5 8. Bd3 Bxd3 9. Qxd3 Ne7 10. Bg5 Qb6 11. Nf3 Nf5 12. Nxd5 Qa5+ 13. Nc3 Be7 14. Bxe7 Nxe7 15. O-O Nb6 16. Nb5 O-O 17. Nd6 Qd5 18. Ng5 g6 19. Nge4 Kg7 20. Nf6 Qa5 21. Qg3 Kh8 22.
Qg5 Ng8 23. Rfc1 Nd5 24. Rc5 Qb4 25. Nxd5 exd5 26. Rxd5 Qxb2 27. Rc1 Qxa2 28. Rdc5 b6 29. Rc7 Rad8 30. Rb7 Kg7 31. Rcc7 Rxd6 32. exd6 Qe6 33. Qe5+ Kh6 34. Qxe6 fxe6 35. Rh7# 1-0

[Event "*** Titled Tuesday Blitz"]
[Site "Chess.com"]
[Date "2021.04.20"]
[Round "7"]
[White "fastestmindalive"]
[Black "AlexPapasimakopoulos"]
[Result "1-0"]
[WhiteElo "2760"]
[BlackElo "2603"]
[TimeControl "180+1"]
[EndTime "11:16:29 PDT"]
[Termination "fastestmindalive won by checkmate"]

1. e4 e6 2. d4 d5 3. Nc3 Bb4 4. a3 Bxc3+ 5. bxc3 dxe4 6. Qg4 Nf6 7. Qxg7 Rg8 8. Qh6 Rg6 9. Qh4 c5 10. Ne2 Qa5 11.
Bg5 Nbd7 12. dxc5 Qxc5 13. Be3 Qa5 14. g3 Ne5 15. Bg2 Nf3+ 16. Bxf3 exf3 17. Nc1 Qxc3+ 18.
Kd1 Qxa1 19. Bd4 Qxa3 20. Bxf6 Bd7 21. Re1 Rc8 22. Re3 Qa4 23. Qxa4 Bxa4 24. Bc3 Rg5 25.
Kd2 Rf5 26. Nd3 Rd8 27. Kc1 Bb5 28. Ne5 Be2 29. Re4 Rd1+ 30. Kb2 f6 31. Ng4 Ke7 32. Ne3 Rb5+ 33. Bb4+ Rd6 34. Kc1 Rxb4 35. Rxb4 b6 36. Rh4 a5 37. Rxh7+ Kf8 38. Ra7 e5 39. h4 e4 40. h5 f5 41. Nxf5 Rd1+ 42. Kb2 Rf1 43. h6 Rxf2 44. h7 Rh2 45. Nh4 Rxh4 46. gxh4 f2 47.
h8=Q# 1-0

[Event "*** Titled Tuesday Blitz"]
[Site "Chess.com"]
[Date "2021.04.20"]
[Round "7"]
[White "Sergey85Rodchenkov"]
[Black "blitzking1729"]
[Result "0-1"]
[WhiteElo "2504"]
[BlackElo "2648"]
[TimeControl "180+1"]
[EndTime "11:16:29 PDT"]
[Termination "blitzking1729 won by resignation"]

1. e4 c5 2. Nf3 e6 3. d3 Nc6 4. g3 g6 5. Bg2 Bg7 6. O-O Nge7 7. Re1 O-O 8. c4 d5 9. exd5 exd5 10. Nc3 dxc4 11. dxc4 Qxd1 12. Rxd1 Bg4 13. h3 Be6 14. Be3 b6 15. Rac1 Rad8 16. b3 Nf5 17. Rxd8 Rxd8 18. Bg5 Rd3 19. Nd5 h6 20. Bf4 Ncd4 21.
Nxd4 Bxd4 22. g4 Nh4 23. Bxh6 Rg3 24. Nf4 Kh7 25. Bg5 Rxg2+ 26. Nxg2 Nf3+ 27. Kf1 Nxg5 28. Ne3 Nxh3 29. Ke2 Nf4+ 30. Kf3 g5 31. Nf5 Bxf5 32.
gxf5 Kg7 33. Re1 Kf8 34. Kg4 Nd3 35. Re2 Bf6 36. Rd2 Ne5+ 37. Kg3 Nc6 38. f4 Nd4 39. Kg4 gxf4 40. Kxf4 Bg5+ 41. Kxg5 Nf3+ 42. Kf4 Nxd2 43. Ke5 Ke7 44. Kd5 Kd7 0-1

[Event "*** Titled Tuesday Blitz"]
[Site "Chess.com"]
[Date "2021.04.20"]
[Round "7"]
[White "pifion"]
[Black "lamomiablanca"]
[Result "1-0"]
[WhiteElo "2563"]
[BlackElo "2404"]
[TimeControl "180+1"]
[EndTime "11:16:29 PDT"]
[Termination "pifion won on time"]

1. d4 d5 2. c4 c6 3. Nf3 Nf6 4. e3 g6 5. Nc3 Bg7 6. Bd3 O-O 7. O-O Bg4 8. h3 Bxf3 9. Qxf3 e6 10. Rd1 Nbd7 11.
b3 Re8 12. Bb2 a6 13. e4 dxe4 14. Nxe4 Nxe4 15. Bxe4 Nf6 16. Rd2 Nxe4 17. Qxe4 Qc7 18. Rad1 Rad8 19. Bc3 Rd7 20. Rd3 Red8 21. g3 b5 22. Qe1 Re8 23. Ba5 Qb7 24. Qe4 Rc8 25. h4 h5 26. Qe2 Bf6 27. Qc2 Kg7 28. f4 Qa7 29. Qf2 bxc4 30. bxc4 Rb8 31. c5 Rd5 32. Bb6 Qd7 33. Kh2 Bd8 34. Qb2 Bxb6 35. cxb6 Rb5 36. Rb3 Qd5 37. Rxb5 axb5 38. Rc1 Rxb6 39. Rc5 Qd6 40.
a4 b4 41. a5 Rb5 42. d5+ Kg8 43. Rxc6 Qd8 44. dxe6 Rd5 45. exf7+ Kxf7 46. Rc2 b3 47. Qxb3 Qxa5 48. Kh3 Ke7 49. Re2+ Kf6 50. Qb2+ Kf7 51. Qb7+ Kf6 52. Qe7+ 1-0

[Event "*** Titled Tuesday Blitz"]
[Site "Chess.com"]
[Date "2021.04.20"]
[Round "7"]
[White "Grandelicious"]
[Black "draksbg"]
[Result "0-1"]
[WhiteElo "2814"]
[BlackElo "2571"]
[TimeControl "180+1"]
[EndTime "11:16:31 PDT"]
[Termination "draksbg won on time"]

1. d4 Nf6 2. Nf3 g6 3. Nbd2 d5 4. e3 Bg7 5. b4 a5 6. b5 c6 7.
bxc6 Nxc6 8. Be2 O-O 9. O-O Bf5 10. c3 Rc8 11. Ba3 Re8 12. Qb3 e5 13. Qxb7 e4 14.
Ne1 Rb8 15. Qxc6 Bd7 16. Qa6 Re6 17. Qa7 Ra8 18. Qb7 Rb6 19. Be7 Rxb7 20. Bxd8 Rxd8 21. Nc2 Ba4 22. Rfc1 Bf8 23. c4 dxc4 24. Nxc4 Rc7 25. Rab1 Rdc8 26. Ne1 Ba3 27. Rc2 Bxc2 28. Nxc2 Be7 29.
N2a3 Nd5 0-1

[Event "*** Titled Tuesday Blitz"]
[Site "Chess.com"]
[Date "2021.04.20"]
[Round "7"]
[White "Bad_left_hook"]
[Black "VD_coach"]
[Result "1/2-1/2"]
[WhiteElo "2627"]
[BlackElo "2505"]
[TimeControl "180+1"]
[EndTime "11:16:32 PDT"]
[Termination "Game drawn - insufficient material"]

1. Nf3 Nf6 2. g3 g6 3. Bg2 Bg7 4. O-O O-O 5. c4 c6 6. Nc3 d5 7.
cxd5 cxd5 8. d4 Nc6 9. h3 Bf5 10. Ne5 Ne4 11. Nxc6 bxc6 12. Nxe4 Bxe4 13. Bxe4 dxe4 14.
Be3 Qd5 15. Qa4 Rfd8 16. Rfd1 Rab8 17. b3 Qb5 18. Qxb5 Rxb5 19. Rac1 Rbd5 20. Rxc6 Bxd4 21.
Rxd4 Rxd4 22. Bxd4 Rxd4 23. Rc7 Rd1+ 24. Kg2 Rd2 25. Rxe7 Rxa2 26. Rxe4 Rb2 27. Re3 h5 28. Kf3 a5 29. h4 Kg7 30. Rc3 Ra2 31. e3 a4 32. bxa4 Rxa4 33. Rc7 Rb4 34. e4 Rb2 35.
Ke3 Rb3+ 36. Kf4 Ra3 37. f3 Ra4 38. g4 hxg4 39. fxg4 Ra1 40. e5 Rf1+ 41. Kg5 Re1 42. Rc5 Re4 43. h5 Rxe5+ 44. Rxe5 f6+ 45. Kf4 fxe5+ 46.
Kxe5 gxh5 47. gxh5 Kh6 48. Ke6 Kxh5 1/2-1/2

[Event "*** Titled Tuesday Blitz"]
[Site "Chess.com"]
[Date "2021.04.20"]
[Round "7"]
[White "Agnes66678"]
[Black "ChessQueen"]
[Result "0-1"]
[WhiteElo "2454"]
[BlackElo "2699"]
[TimeControl "180+1"]
[EndTime "11:16:32 PDT"]
[Termination "ChessQueen won by checkmate"]

1. d4 Nf6 2. c4 e6 3. g3 d5 4.
Nf3 dxc4 5. Bg2 Nc6 6. Qa4 Bb4+ 7. Bd2 Bd6 8. Qxc4 O-O 9. O-O e5 10. d5 Ne7 11. e4 h6 12. Nc3 a6 13. a4 Bd7 14.
Rfd1 Qb8 15. Bf1 Rc8 16. b4 c6 17. Qb3 cxd5 18. exd5 Bg4 19. Be2 Qc7 20. Rac1 Qd7 21. Be3 Qf5 22. Nh4 Qh5 23. f3 Bd7 24. Ng2 Rc7 25. Bb6 Rcc8 26. Rd2 Qh3 27. Rdc2 Bf5 28. Rd2 e4 29. Rcd1 exf3 30. Bxf3 Bg4 31. Ne2 Bxf3 32.
Qxf3 Ng4 33. Nef4 Qxh2+ 34. Kf1 Ne5 35. Qb3 Nf5 36. Bf2 Nc4 37. Re2 b5 38. a5 Re8 39. Rde1 Re5 40. Rxe5 Nd2+ 41. Ke2 Nxb3 42. Rxf5 Re8+ 43. Kd1 Rxe1+ 44. Nxe1 Qxf2 45. Ng6 Qd2# 0-1

[Event "*** Titled Tuesday Blitz"]
[Site "Chess.com"]
[Date "2021.04.20"]
[Round "7"]
[White "MMSANCHEZ"]
[Black "MrChampion_Coach"]
[Result "0-1"]
[WhiteElo "2533"]
[BlackElo "2424"]
[TimeControl "180+1"]
[EndTime "11:16:33 PDT"]
[Termination "MrChampion_Coach won by resignation"]

1. d4 Nf6 2. c4 e6 3. Nf3 d5 4. Nc3 a6 5. Qb3 dxc4 6. Qxc4 b5 7. Qd3 c5 8. Bg5 c4 9. Qc2 Bb7 10. e4 Nbd7 11. e5 h6 12. Bh4 g5 13. Nxg5 hxg5 14.
Bxg5 Be7 15. exf6 Nxf6 16. Rd1 Rc8 17. a3 Rg8 18. h4 Qb6 19. f3 Nd5 20. Bxe7 Kxe7 21.
Ne4 Ne3 22. Qc3 Nxd1 23. Qb4+ Kd8 24. Nd6 Rc7 25. Kxd1 Qxd4+ 26. Kc2 Rd7 27. Nxb7+ Rxb7 28. Be2 Rd7 29. Rd1 Qe3 30. Qa5+ Ke8 31. Rxd7 Kxd7 32.
Bf1 Qf2+ 33. Kc3 Qe1+ 34. Kd4 Qxa5 0-1

[Event "*** Titled Tuesday Blitz"]
[Site "Chess.com"]
[Date "2021.04.20"]
[Round "7"]
[White "MFguimaraes"]
[Black "QuintilianoR"]
[Result "1/2-1/2"]
[WhiteElo "2415"]
[BlackElo "2666"]
[TimeControl "180+1"]
[EndTime "11:16:33 PDT"]
[Termination "Game drawn by repetition"]

1. e4 c5 2. Nf3 d6 3. d4 cxd4 4. Qxd4 Nc6 5. Bb5 Bd7 6. Bxc6 Bxc6 7. Nc3 Nf6 8. Bg5 e6 9. O-O-O Be7 10. Rhe1 O-O 11. e5 dxe5 12. Qxe5 Qb6 13. Nd4 Rfd8 14. Nxe6 Rxd1+ 15. Nxd1 fxe6 16. Qxe6+ Kh8 17. Qxe7 Re8 18. Qa3 Rxe1 19. Bxf6 Re8 20. Be5 Qd8 21. Qg3 Qd7 22.
b3 Bxg2 23. Ne3 Be4 24. f4 Rc8 25. Kb2 Qf7 26. Nc4 Qe7 27. Nd6 Rxc2+ 28. Ka1 Qc7 29. Nxe4 Rc1+ 30. Kb2 Rc2+ 31. Kb1 Rc1+ 32. Kb2 Rc2+ 33.
Kb1 Rc1+ 34. Kb2 1/2-1/2

[Event "*** Titled Tuesday Blitz"]
[Site "Chess.com"]
[Date "2021.04.20"]
[Round "7"]
[White "aljado"]
[Black "beto-betun"]
[Result "0-1"]
[WhiteElo "2054"]
[BlackElo "2215"]
[TimeControl "180+1"]
[EndTime "11:16:33 PDT"]
[Termination "beto-betun won by resignation"]

1. e4 c5 2. Nf3 d6 3. Nc3 Nf6 4. e5 dxe5 5. Nxe5 e6 6. Bb5+ Nbd7 7. d4 Be7 8. Bg5 O-O 9. Nxd7 Bxd7 10. Bxd7 Nxd7 11.
Bxe7 Qxe7 12. O-O cxd4 13. Qxd4 Nb6 14. Rad1 Rac8 15. b3 h6 16. Qe3 Qb4 17. Rd3 Rxc3 18. Rxc3 Nd5 19. Rc4 Qxc4 20. bxc4 Nxe3 21. fxe3 Rc8 22.
Rb1 b6 23. Rb4 Rd8 24. Ra4 Rd1+ 25. Kf2 Rd2+ 26. Kf3 Rxc2 27. Rxa7 Rxc4 28. Ra8+ Kh7 29. Rb8 Rb4 30. a4 Kg6 31. Rb7 Rxa4 32. Rxb6 Kf6 33.
h3 h5 34. g3 g5 35. g4 Kg6 36.
gxh5+ Kxh5 37. Rb7 Kg6 38. Rb5 Rh4 39. Kg3 f5 40. Rb6 Kf6 41. Ra6 Ke5 42. Ra5+ Ke4 43. Ra4+ Kxe3 44. Rxh4 gxh4+ 45. Kxh4 f4 46. Kg4 f3 47. h4 f2 48. h5 f1=Q 49. h6 Qh1 50. Kg5 e5 51. Kg6 e4 52. Kg7 Kf3 53. h7 e3 54. Kh8 0-1

[Event "*** Titled Tuesday Blitz"]
[Site "Chess.com"]
[Date "2021.04.20"]
[Round "7"]
[White "muchojogo"]
[Black "Trickster_Pony"]
[Result "1-0"]
[WhiteElo "2463"]
[BlackElo "1605"]
[TimeControl "180+1"]
[EndTime "11:16:34 PDT"]
[Termination "muchojogo won on time"]

1. g4 d5 2. Bg2 Bxg4 3. c4 c6 4. cxd5 cxd5 5. Qb3 e6 6. Qxb7 Nd7 7. Nc3 a6 8. Qb3 Ngf6 9. d3 Be7 10.
Nf3 O-O 11. Bf4 Nh5 12. Bd2 Rb8 13. Qc2 Nhf6 14. O-O e5 15. Rfc1 Rc8 16. Qa4 Nc5 17.
Qd1 e4 18. dxe4 dxe4 19. Ne1 Nd3 20. Rcb1 Bc5 21. Nxd3 exd3 22. Be1 dxe2 23. Qxd8 Rcxd8 24. h3 Bh5 25. Rc1 Ba7 26. Rc2 Rfe8 27. Bc6 Re6 28. Bg2 Nd7 29. Rd2 Ree8 30. Bc6 Re7 31. Nd5 Re6 32.
Nf4 Rxc6 33. Nxh5 g6 34. Ng3 Re6 35. Nxe2 Ree8 36. Nc3 Nc5 37. Rxd8 Rxd8 38. Rd1 Rxd1 39. Nxd1 Nd3 40. Bd2 Bd4 41. b3 f5 42. Kf1 Kf7 43. Ke2 Ne5 44. Bf4 Ke6 45. Ne3 Bb6 46. Nc2 Kd5 47. Nb4+ Kc5 48. Nxa6+ Kb5 49. Bxe5 Kxa6 50.
f3 Ka5 51. Kd3 Kb4 52. Bd6+ Kb5 53. a4+ Ka6 54. b4 Bf2 55. Kc4 Be3 56. Bc5 1-0

[Event "*** Titled Tuesday Blitz"]
[Site "Chess.com"]
[Date "2021.04.20"]
[Round "7"]
[White "Kapibara_Warri0r"]
[Black "gisela_roque"]
[Result "0-1"]
[WhiteElo "2193"]
[BlackElo "1822"]
[TimeControl "180+1"]
[EndTime "11:16:34 PDT"]
[Termination "gisela_roque won by checkmate"]

1. e4 e6 2. d4 d5 3. Nc3 Nf6 4. Bg5 dxe4 5. Nxe4 Be7 6. Bxf6 gxf6 7. Nf3 b6 8. Bd3 Bb7 9. c3 c6 10. Qe2 Qc7 11. O-O Nd7 12. a4 O-O-O 13. Ba6 Kb8 14.
Bxb7 Kxb7 15. b4 Rhg8 16. a5 b5 17. c4 a6 18. Nc5+ Nxc5 19. bxc5 Rg7 20. cxb5 cxb5 21. Rfc1 Rdg8 22. c6+ Ka8 23. g3 h5 24. Qe4 f5 25.
Qf4 Qxf4 26. c7 Rc8 27. Ne5 Qxd4 28. Nc6 Bc5 29. Nxd4 Bxd4 30. Ra2 Be5 31. Rd2 Rxc7 32. Rd8+ Kb7 33. Rcd1 h4 34. Rf8 hxg3 35. hxg3 f4 36. Rdd8 fxg3 37. fxg3 Rxg3+ 38. Kf2 Rc2+ 39. Kf1 Rf3+ 40.
Ke1 Rc7 41. Rb8+ Kc6 42. Rb6+ Kd5 43. Rd8+ Ke4 44. Rxa6 Ke3 45. Rd1 Bg3# 0-1

[Event "*** Titled Tuesday Blitz"]
[Site "Chess.com"]
[Date "2021.04.20"]
[Round "7"]
[White "TST2014"]
[Black "profofchess"]
[Result "1-0"]
[WhiteElo "2658"]
[BlackElo "2508"]
[TimeControl "180+1"]
[EndTime "11:16:35 PDT"]
[Termination "TST2014 won by resignation"]

1. d4 Nf6 2. c4 e6 3. Nf3 c5 4. e3 b6 5. Nc3 g6 6. d5 exd5 7. cxd5 Bg7 8. a4 O-O 9. Bd3 d6 10. h3 a6 11. O-O Nbd7 12. e4 Re8 13. Bf4 Qe7 14. Re1 Nh5 15. Bh2 Rb8 16. Qe2 Ne5 17. Nxe5 Bxe5 18. Bxa6 Bxh2+ 19. Kxh2 Nf4 20. Qf1 Bxa6 21.
Qxa6 g5 22. g3 Ng6 23. Re3 h5 24. Qe2 h4 25. Qh5 Qe5 26. Rf1 Kg7 27. Qg4 Rh8 28. f4 hxg3+ 29. Rxg3 gxf4 30. Qxf4 Qe7 31. Qg5 Qxg5 32.
Rxg5 f6 33. Rg4 Kf7 34. Nb5 Rbd8 35. Rfg1 Rh6 36. b3 Rd7 37. R1g3 Rd8 38. Kg2 Rd7 39. Kf2 Rd8 40. h4 Ne5 41. Rg7+ Ke8 42. Rg8+ Ke7 43.
R3g7+ Nf7 44. Rxd8 Kxd8 45. Rxf7 1-0

[Event "*** Titled Tuesday Blitz"]
[Site "Chess.com"]
[Date "2021.04.20"]
[Round "7"]
[White "Deepweb2020"]
[Black "fyall777"]
[Result "0-1"]
[WhiteElo "2481"]
[BlackElo "2344"]
[TimeControl "180+1"]
[EndTime "11:16:35 PDT"]
[Termination "fyall777 won on time"]

1. d4 Nf6 2. c4 g6 3. Nf3 Bg7 4. g3 d5 5. cxd5 O-O 6. Bg2 Nxd5 7.
Nc3 Nxc3 8. bxc3 Bf5 9. Nh4 Bc8 10. O-O c5 11. e3 Nc6 12. f4 cxd4 13. cxd4 Nxd4 14.
Rb1 Nc6 15. Qa4 Qd3 16. Rb3 Qc2 17. Qa3 Rd8 18. Bb2 Bxb2 19. Rxb2 Qc4 20. Bxc6 Qxc6 21. Qxe7 Bh3 22. Rfb1 b6 23. f5 Re8 24. Qg5 f6 25.
Qh6 g5 26. Ng6 Bxf5 27. Nf4 gxf4 28. Rf1 f3 29. Qf4 Be4 30. Rbf2 f5 31. g4 Qg6 32. h3 Rf8 33. Qg3 fxg4 34. hxg4 h5 35. g5 Rf5 36.
Rh2 Rxg5 0-1

[Event "*** Titled Tuesday Blitz"]
[Site "Chess.com"]
[Date "2021.04.20"]
[Round "7"]
[White "Kale36"]
[Black "FGHSMN"]
[Result "1-0"]
[WhiteElo "2321"]
[BlackElo "2476"]
[TimeControl "180+1"]
[EndTime "11:16:36 PDT"]
[Termination "Kale36 won by checkmate"]

1. b3 e5 2. Bb2 Nc6 3. e3 Nf6 4. Bb5 Bd6 5. Na3 Na5 6. Be2 Qe7 7. Nb5 O-O 8. Nxd6 cxd6 9. Nf3 Nc6 10. O-O d5 11. d4 e4 12. Ne5 d6 13. Ng4 Nxg4 14. Bxg4 f5 15. Bh3 Be6 16. f4 b5 17.
Rf2 Rac8 18. g3 b4 19. Bf1 a5 20. c4 bxc3 21. Bxc3 Nb4 22. Bxb4 axb4 23. Rc2 Rxc2 24. Qxc2 Rc8 25. Qd2 Rc3 26. a3 Qc7 27. axb4 Rc2 28.
Qe1 h5 29. b5 h4 30. gxh4 Qf7 31. Ra8+ Kh7 32. Qg3 Rc1 33. b6 Bc8 34. Ra7 Bb7 35. h5 Qd7 36. Qg6+ Kh8 37. h6 gxh6 38. Qxh6+ Kg8 39.
Qg6+ Kf8 40. Qf6+ Kg8 41. Ra2 Kh7 42. Rg2 Rc8 43. Qh4# 1-0

[Event "*** Titled Tuesday Blitz"]
[Site "Chess.com"]
[Date "2021.04.20"]
[Round "7"]
[White "Agoking701"]
[Black "jucAxx"]
[Result "0-1"]
[WhiteElo "2301"]
[BlackElo "2159"]
[TimeControl "180+1"]
[EndTime "11:16:37 PDT"]
[Termination "jucAxx won by resignation"]

1. e4 e6 2. d4 d5 3. Nc3 Bb4 4. a3 Bxc3+ 5. bxc3 dxe4 6. Qg4 Nf6 7. Qxg7 Rg8 8. Qh6 Nbd7 9. Ne2 b6 10. c4 c5 11. Be3 Ba6 12. Rd1 cxd4 13. Nxd4 Qc8 14. a4 Bxc4 15. Nb5 Bxb5 16. Bxb5 Rg6 17. Bxd7+ Qxd7 18.
Rxd7 Rxh6 19. Rb7 Rg6 20. g3 Nd5 21. Ke2 Rc8 22. Kd2 Nxe3 23. fxe3 Rf6 24. Rxa7 Rf2+ 25.
Ke1 Rfxc2 26. Rf1 Rc1+ 27. Kf2 R8c2+ 28. Kg1 Rxf1+ 29. Kxf1 Rxh2 30. Rb7 Ra2 31. Rxb6 Rxa4 32. Rb5 Ra1+ 33. Kf2 Rh1 34. Re5 Rh2+ 35. Kf1 Ke7 36.
Rxe4 f5 37. Ra4 Kf6 38. Rb4 Kg5 39. Ra4 e5 40. Ra5 e4 41. Ra7 Kg4 42. Kg1 Re2 43.
Rg7+ Kf3 44. Rf7 Kxg3 45. Rxf5 Re1+ 46. Rf1 Rxf1+ 47. Kxf1 Kf3 0-1